 Dungeon Crawl Stone Soup version 0.27.1-34-g3ba077fa99 (webtiles) character file.

Game seed: 3932901929618827195

8474 LLlMATKO the Fighter (level 11, -5/97 HPs)
             Began as a Minotaur Berserker on Jan 16, 2022.
             Was a High Priest of Trog.
             Slain by a white ugly thing (18 damage)
             ... on level 9 of the Dungeon.
             The game lasted 00:17:02 (14961 turns).

LLlMATKO the Fighter (Minotaur Berserker)          Turns: 14961, Time: 00:17:03

Health: -5/97      AC: 18    Str: 22    XL:     11   Next: 10%
Magic:  10/10      EV:  8    Int:  4    God:    Trog [*****.]
Gold:   351        SH: 11    Dex: 13    Spells: 10/10 levels left

rFire    . . .     SeeInvis +   n - +0 hand axe (elec)
rCold    . . .     Faith    .   T - +0 kite shield
rNeg     . . .     Spirit   .   D - +0 plate armour
rPois    .         Reflect  .   (helmet restricted)
rElec    .         Harm     .   s - +0 cloak
rCorr    .         Rampage  .   a - +0 pair of gloves
Will     .....                  p - +0 pair of boots
Stlth    ..........             (no amulet)
HPRegen  0.26/turn              K - ring of see invisible
MPRegen  0.12/turn              (no ring)

@: marked, on berserk cooldown, slowed, studying Staves, very slow
A: horns 2, retaliatory headbutt
a: Renounce Religion, Berserk, Trog's Hand, Brothers in Arms


You were on level 9 of the Dungeon.
You worshipped Trog.
Trog was extremely pleased with you.
You visited 1 branch of the dungeon, and saw 9 of its levels.
You also visited: Ossuary.

You collected 501 gold pieces.
You spent 150 gold pieces at shops.

Inventory:

Hand Weapons
 i - a +1 short sword of venom
 n - a +0 hand axe of electrocution (weapon)
 u - a +0 hand crossbow
 C - a +0 hand axe of venom
 R - a +2 spear of venom
 S - a +1 hand axe of flaming
Missiles
 b - 164 stones (quivered)
 g - 13 poisoned darts
 h - 43 sling bullets
 m - 2 javelins
 t - a throwing net
 v - 17 bolts
Armour
 a - a +0 pair of gloves (worn)
 p - a +0 pair of boots (worn)
 s - a +0 cloak (worn)
 D - a +0 plate armour (worn)
 O - +0 fire dragon scales
 T - a +0 kite shield (worn)
Jewellery
 K - a ring of see invisible (left hand)
 P - a ring of fire
 Q - a ring of flight
Wands
 F - a wand of digging (3)
 L - a wand of paralysis (12)
Scrolls
 e - a scroll of blinking {unknown}
 j - a scroll of noise {unknown}
 k - 2 scrolls of magic mapping
 l - 9 scrolls of identify {unknown}
 y - a scroll of immolation {unknown}
 B - 2 scrolls of teleportation {unknown}
 G - a scroll of enchant weapon {unknown}
 H - a scroll of brand weapon {unknown}
 I - a scroll of enchant armour {unknown}
 M - 2 scrolls of amnesia {unknown}
Potions
 c - a potion of attraction {unknown}
 d - a potion of haste {unknown}
 f - 2 potions of berserk rage {unknown}
 o - 2 potions of might
 q - 2 potions of degeneration {unknown}
 r - a potion of ambrosia {unknown}
 w - 2 potions of lignification {unknown}
 z - 5 potions of flight {unknown}
 A - 3 potions of cancellation {unknown}
 E - 8 potions of curing {unknown}
 J - 4 potions of heal wounds {unknown}
 N - a potion of mutation {unknown}


   Skills:
 + Level 9.5 Fighting
 + Level 9.4 Axes
 + Level 7.1 Crossbows
 + Level 9.2 Armour
 + Level 8.3 Dodging
 + Level 7.5 Shields


You had 10 spell levels left.
You didn't know any spells.
Your spell library was empty.

Dungeon Overview and Level Annotations

Branches:
Dungeon (9/15)             Temple (0/1) D:4            Lair (0/6) D:8
Ossuary (visited)
    Orc: D:9-12

Altars:
Ashenzari
Gozag
Kikubaaqudgha
Okawaru
Ru
Vehumet
Wu Jian
Xom
Zin
The Shining One

Shops:
D:1 =   D:2 !   D:4 [   D:6 *?

Annotations:
D:9 Grum, Harold


Innate Abilities, Weirdness & Mutations

You have a pair of horns on your head.
You reflexively headbutt those who attack you in melee.


Message History

Your headbutt misses the white ugly thing.
The white ugly thing is lightly wounded.
The white ugly thing gores you but does no damage.
You barely miss the white ugly thing.
The white ugly thing is lightly wounded.
Harold shouts!
You slash the white ugly thing!
Lightning courses through the white ugly thing!
The white ugly thing is moderately wounded.
You block the white ugly thing's attack.
Harold throws a throwing net.
The throwing net hits you.
You become entangled in the net!
You struggle against the net.
The white ugly thing barely misses you.
Unknown command.
You struggle against the net.
You feel a strong urge to attack something.
You hear the steady creaking of a very distant portcullis.
Unknown command.
You struggle against the net.
You are no longer berserk.
You are exhausted.
You feel yourself slow down. The white ugly thing gores you.
The white ugly thing freezes you!!
Unknown command.
You struggle against the net.
The white ugly thing gores you but does no damage.
Grum the Hunter comes into view.
He is wielding a +0 spear.
You rip the net and break free!
Grum growls angrily.
The white ugly thing gores you but does no damage.
The white ugly thing gores you. The white ugly thing freezes you!!
* * * LOW HITPOINT WARNING * * *
Harold points at you and mumbles some strange words.
A sentinel's mark forms upon you.
You hit the white ugly thing but do no damage.
The white ugly thing is moderately wounded.
The white ugly thing gores you!
* * * LOW HITPOINT WARNING * * *
The white ugly thing freezes you!!
You die...

***#.....##.**,,*****,*****,***
,,,#<.......*#..,,,,....***,*
***#........,...,**#....,,,,*
#......##**..,,,....,,****
#.@..[..g,,..***#..#,,*
***##........*#.* #..#,,*
,,,**c........#.* #..#,,#
*****#.D.......u####..#,.##
*,*#......@.)@.....#...#
*,,***.......####......#
*,,*,*###....* #.###..#
***,****###..####.###.<#
*,,*,,*,,*##...........#
****,,*,,*,,*,#..?.(......#
,,,***,**,**,*##..##.####.#
,,,*,,*,,*,,*,,#..*#)#*,,,#
,,,*,,*,,*,,*,,+.>*#.#*,***


You could see Harold, a white ugly thing and Grum.

Vanquished Creatures
  A fire dragon (D:8)
  2 two-headed ogres
  Maggie (D:7)
  A troll (D:9)
  A hornet (D:8)
  Prince Ribbit (D:5)
  3 yaks (D:8)
  A wraith (D:8)
  2 wyverns
  4 water moccasins
  3 acid dragons
  4 orc warriors
  3 ice beasts
  A necrophage (D:5)
  A black bear (D:6)
  2 ogres
  5 centaurs
  2 phantoms (D:7)
  2 kobold brigands
  7 bullfrogs
  3 scorpions
  3 gnoll sergeants (D:8)
  2 wyvern zombies
  A water moccasin skeleton (D:4)
  A wyvern skeleton (D:5)
  A wight (D:8)
  4 killer bees (D:8)
  3 howler monkeys
  A centaur zombie (D:8)
  A bullfrog zombie (D:4)
  2 hounds
  2 orc priests (D:8)
  Crazy Yiuf (D:3)
  3 iguanas
  A scorpion zombie (D:5)
  Ijyb (D:4)
  Natasha (thrice) (D:3)
  9 orc wizards
  A mummy (Ossuary)
  Robin (D:4)
  A howler monkey skeleton (D:6)
  A howler monkey zombie (D:9)
  5 adders
  4 gnolls (D:8)
  A white imp (D:6)
  A worm (D:3)
  3 dart slugs
  14 orcs
  2 spectral bats (Ossuary)
  5 bats (D:1)
  6 endoplasms
  2 giant cockroaches
  12 gnoll zombies (Ossuary)
  15 goblins
  8 hobgoblins
  2 jackals (D:1)
  16 kobolds
  2 ball pythons
  2 bat simulacra (Ossuary)
  3 frilled lizards
  8 goblin simulacra (Ossuary)
  6 goblin zombies (Ossuary)
  5 hobgoblin zombies (Ossuary)
  A jackal zombie (D:8)
  3 kobold simulacra (Ossuary)
  5 kobold zombies (Ossuary)
  2 orc zombies (Ossuary)
  4 rats
  A rat simulacrum (Ossuary)
  5 spectral goblins (Ossuary)
  3 spectral kobolds (Ossuary)
  A spectral rat (Ossuary)
240 creatures vanquished.

Vanquished Creatures (others)
  3 withered plants (D:7)
3 creatures vanquished.

Grand Total: 243 creatures vanquished

Notes
Turn   | Place    | Note
-------+----------+-------------------------------------------
     0 | D:1      | LLlMATKO the Minotaur Berserker began the quest for the
                  | Orb.
     0 | D:1      | Reached XP level 1. HP: 19/19 MP: 0/0
    94 | D:1      | Reached XP level 2. HP: 27/27 MP: 1/1
   166 | D:1      | Found Aduruf's Jewellery Shoppe.
   529 | D:1      | Found a faded altar of an unknown god.
   592 | D:1      | Reached XP level 3. HP: 33/33 MP: 2/2
   897 | D:1      | Found Aduruf's Jewellery Shoppe.
  1074 | D:1      | Found a faded altar of an unknown god.
  1326 | D:2      | Found Iwkewuapn's Distillery.
  1366 | D:2      | Reached ** piety under Trog
  1710 | D:2      | Found Iwkewuapn's Distillery.
  2119 | D:3      | Reached XP level 4. HP: 25/41 MP: 3/3
  2526 | D:3      | Noticed Natasha
  2534 | D:3      | Killed Natasha
  2821 | D:3      | Noticed Natasha
  2825 | D:3      | Killed Natasha
  3144 | D:3      | Found a runed translucent door.
  3145 | D:3      | Noticed Crazy Yiuf
  3171 | D:3      | Noticed Natasha
  3175 | D:3      | Killed Natasha
  3176 | D:3      | Reached XP level 5. HP: 47/47 MP: 4/4
  3267 | D:3      | Killed Crazy Yiuf
  4059 | D:4      | Reached skill level 5 in Fighting
  4114 | D:4      | Reached skill level 5 in Axes
  4114 | D:4      | Reached XP level 6. HP: 56/56 MP: 5/5
  4305 | D:4      | Noticed Ijyb
  4375 | D:4      | Killed Ijyb
  4376 | D:4      | Reached skill level 1 in Crossbows
  4500 | D:4      | Found Nagreque's Antique Armour Shop.
  4514 | D:4      | Noticed Robin
  4522 | D:4      | Killed Robin
  4529 | D:4      | Bought a buckler for 112 gold pieces
  4660 | D:4      | Found the +11 plutonium sword {Contam Stlth-}
  4784 | D:4      | Found a staircase to the Ecumenical Temple.
  4849 | D:4      | Reached XP level 7. HP: 61/61 MP: 6/6
  4886 | D:4      | Found a glowing golden altar of the Shining One.
  4886 | D:4      | Found a shimmering altar of Xom.
  4890 | D:4      | Found an iron altar of Okawaru.
  4890 | D:4      | Found a broken altar of Ashenzari.
  4941 | D:5      | Entered Level 5 of the Dungeon
  4966 | D:4      | Found a broken altar of Ashenzari.
  4967 | D:4      | Found a shimmering altar of Xom.
  4968 | D:4      | Found an iron altar of Okawaru.
  4968 | D:4      | Found a glowing golden altar of the Shining One.
  5071 | D:4      | Found a staircase to the Ecumenical Temple.
  5505 | D:5      | Reached skill level 5 in Armour
  5505 | D:5      | Reached skill level 1 in Shields
  5716 | D:5      | Identified the +1 dagger of Abuse {holy, rN+ Will- rCorr}
  5835 | D:5      | Found a glowing silver altar of Zin.
  5842 | D:5      | Found an ornate altar of the Wu Jian Council.
  6027 | D:5      | Reached *** piety under Trog
  6028 | D:5      | Reached skill level 5 in Dodging
  6033 | D:5      | Reached XP level 8. HP: 70/70 MP: 7/7
  6216 | D:5      | Noticed Prince Ribbit
  6486 | D:5      | Killed Prince Ribbit
  7102 | D:5      | Found a glowing silver altar of Zin.
  7102 | D:5      | Found an ornate altar of the Wu Jian Council.
  7925 | D:6      | Found Gitirr's Assorted Antiques.
  7975 | D:6      | Found a sacrificial altar of Ru.
  8121 | D:6      | Found Fione's Magic Scroll Boutique.
  8136 | D:6      | Bought a scroll of magic mapping for 38 gold pieces
  8375 | D:6      | Found Gitirr's Assorted Antiques.
  8406 | D:6      | Found a sacrificial altar of Ru.
  8737 | D:7      | Reached XP level 9. HP: 79/79 MP: 8/8
  9282 | D:7      | Reached **** piety under Trog
  9422 | D:7      | Found a radiant altar of Vehumet.
  9422 | D:7      | Found an opulent altar of Gozag.
  9428 | D:7      | Found an ancient bone altar of Kikubaaqudgha.
  9428 | D:7      | Noticed Maggie
  9444 | D:7      | Killed Maggie
  9445 | D:7      | Reached skill level 5 in Shields
  9803 | D:7      | Found an ancient bone altar of Kikubaaqudgha.
  9828 | D:7      | Found an opulent altar of Gozag.
  9830 | D:7      | Found a radiant altar of Vehumet.
 10400 | D:8      | Reached skill level 5 in Crossbows
 10419 | D:8      | Found a sand-covered staircase.
 10420 | D:8      | Found a staircase to the Lair.
 10421 | D:8      | Noticed a fire dragon
 10426 | Ossuary  | Entered an ossuary
 10823 | Ossuary  | Reached ***** piety under Trog
 11085 | D:8      | Killed a fire dragon
 11402 | D:8      | Reached XP level 10. HP: 88/88 MP: 9/9
 11802 | D:8      | Received a gift from Trog
 11821 | D:8      | Identified the +7 dagger of Light {drain, rN++ Will++
                  | Int-3}
 12092 | D:8      | Found a runed translucent door.
 12094 | D:8      | Noticed a two-headed ogre
 12187 | D:8      | Found a runed translucent door.
 12650 | D:8      | Killed a two-headed ogre
 13980 | D:8      | Found a staircase to the Lair.
 14651 | D:9      | Noticed Harold
 14717 | D:9      | Noticed a two-headed ogre
 14724 | D:9      | Killed a two-headed ogre
 14768 | D:9      | Reached XP level 11. HP: 77/97 MP: 10/10
 14819 | D:9      | Noticed a white ugly thing
 14959 | D:9      | Noticed Grum
 14961 | D:9      | Slain by a white ugly thing

Illustrated notes

Levels and vault maps discovered:
D:1:      zelgadis_glass_arrival_small, layout_basic, serial_shops,
          nicolae_shop_statue_plus, shapermc_ecumenical_altar_notcrosses
D:2:      layout_basic, serial_shops, nicolae_shop_window_shopping
D:3:      layout_loops_corners, uniq_natasha, uniq_crazy_yiuf_cottage
D:4:      layout_cave_pools, grunt_temple_overflow_open,
          lemuel_temple_firewalk_b, serial_shops, shop, minmay_manual_moon,
          uniq_robin, uniq_ijyb
D:5:      minmay_evil_eye, layout_loops_corners,
          amethyst_overflow_temple_binary, hangedman_decor_push,
          minmay_a_box_with_orc_wizards_in_it, uniq_prince_ribbit1
D:6:      layout_rooms, nicolae_ru_awakened_eye, serial_shops,
          nicolae_lakefront_shop, nicolae_diamond_shop
D:7:      layout_gridville, kiku_gazebo_garden_becter, jmf_multi_god_temple,
          uniq_maggie
D:8:      cheibrodos_histonic, layout_loops_corners, minmay_lair_entry_lava,
          enter_ossuary_3, dk_rats_in_the_wall
D:9:      minmay_s_stair_smasher, layout_loops_ring, enter_bailey_3,
          skrybe_limestone_x, grunt_ogre_cave, grunt_ministairs_11, uniq_harold,
          uniq_grum

Skill      XL: |  1  2  3  4  5  6  7  8  9 10 |
---------------+-------------------------------+-----
Axes           | 4 5 6 7 8 9 |  9.4
Fighting       | 4 5 6 7 8 9 |  9.5
Armour         | 3 4 5 6 7 9 |  9.2
Dodging        | 3 4 5 6 7 8 |  8.3
Crossbows      | 1 2 4 5 7 |  7.1
Shields        | 2 4 5 7 |  7.5

Action                   |  1- 3 |  4- 6 |  7- 9 | 10-12 || total
-------------------------+-------+-------+-------+-------++-------
Melee: Hand axe          |    70 |    68 |   275 |   211 ||   624
       Headbutt          |    11 |     9 |    49 |    43 ||   112
Throw: Stone             |    14 |     5 |     9 |    12 ||    40
       Javelin           |       |     2 |     3 |       ||     5
       Throwing net      |       |       |     1 |       ||     1
       Dart              |       |       |       |     4 ||     4
Invok: Berserk           |     1 |     3 |     5 |     3 ||    12
  Use: Scroll            |       |       |     1 |     1 ||     2
 Stab: Distracted        |     1 |       |       |       ||     1
Armor: Animal skin       |     6 |       |       |       ||     6
       Chain mail        |    19 |    48 |    26 |       ||    93
       Plate armour      |       |       |    84 |   102 ||   186
Dodge: Dodged            |    35 |    32 |    85 |    64 ||   216
Block: Buckler           |       |     3 |    43 |    14 ||    60
       Kite shield       |       |       |       |    59 ||    59
